 Dungeon Sprint DCSS version 0.17-a0-1760-ga6756ae (webtiles) character file.

47713 Kidiri the Imperceptible (level 13, -11/55 HPs)
             Began as a Spriggan Enchanter on Sept 3, 2015.
             Was the Champion of Dithmenos.
             Killed from afar by a balrug (25 damage)
             ... with a fireball
             ... summoned by a deep elf demonologist
             ... in the Dungeon (Sprint III: "The Ten Rune Challenge").
             The game lasted 00:40:19 (4631 turns).

Kidiri the Imperceptible (Spriggan Enchanter)       Turns: 4631, Time: 00:40:19

Health: -11/55     AC:  4    Str:  4    XL:     13   Next: 43%
Magic:  27/35      EV: 37    Int: 20    God:    Dithmenos [******]
Gold:   4699       SH:  0    Dex: 20    Spells: 12 memorised, 1 level left

rFire  . . .     SeeInvis +     x - +2 dagger (elec)
rCold  . . .     Clarity  .     u - +2 robe {MR+}
rNeg   . . .     SustAt   .     (shield restricted)
rPois  .         Gourm    .     b - +0 hat
rElec  .         Spirit   .     (no cloak)
rCorr  .         Warding  .     (gloves unavailable)
rMut   .         NoTele   +     (boots unavailable)
MR     +++..                    (no amulet)
Stlth  ++++++++++               (no ring)
                                (no ring)

@: very slightly contaminated, wreathed by umbra, very quick, extremely
resistant to hostile enchantments, uncannily stealthy
A: unfitting armour, horns 1, see invisible, clever 1, herbivore 3, speed 3,
slow metabolism 2, spit poison 1, wild magic 1
a: Spit Poison, Shadow Step, Shadow Form, Renounce Religion
}: 1/10 runes: barnacled


You were in the Dungeon.
You worshipped Dithmenos.
Dithmenos was exalted by your worship.
You were not hungry.

You visited 1 branch You collected 5593 gold pieces.
You spent 894 gold pieces at shops.

Inventory:

Hand weapons
 a - a +0 dagger of holy wrath
 x - a +2 dagger of electrocution (weapon)
 y - a +0 rapier of venom
Missiles
 o - 10 throwing nets (quivered)
Armour
 b - a +0 hat (worn)
 l - a +0 robe of fire resistance
 u - a +2 robe of magic resistance (worn)
Scrolls
 j - a scroll of blinking
 n - a scroll of holy word
 p - 2 scrolls of remove curse
Potions
 c - a potion of cancellation
 e - a potion of curing
 f - a potion of heal wounds
 g - a potion of haste
 i - 3 potions of berserk rage
 k - a potion of agility
 m - a potion of might
 q - 4 potions of cure mutation
 r - 5 potions of flight
 v - a potion of invisibility
Books
 h - a book of Burglary

   Spells                             Type                      Level
   a - Swiftness                      Charms/Air                   2
   b - Passwall                       Transmutation/Earth          3
   c - Passage of Golubria            Translocation                4
   d - Lee's Rapid Deconstruction     Earth                        5
   e - Darkness                       Hexes                        6
   f - Invisibility                   Hexes                        6
Comestibles
 d - a bread ration
 s - 6 fruits
 t - 26 royal jellies


   Skills:
 + Level 12.0 Short Blades
 * Level 20.0 Dodging
 * Level 21.8 Stealth
 * Level 17.4 Spellcasting
 + Level 8.3 Conjurations
 + Level 13.5 Hexes
 + Level 3.4 Translocations
 + Level 2.7 Transmutations
 + Level 9.2 Ice Magic
 + Level 9.2 Air Magic
 + Level 1.7 Earth Magic
 + Level 10.1 Poison Magic
 - Level 2.2 Invocations


You had one spell level left.
You knew the following spells:

 Your Spells              Type           Power        Failure   Level  Hunger
a - Corona                Hex            #######      1%          1    None
b - Ensorcelled Hibernat  Hex/Ice        ######       1%          2    None
c - Confuse               Hex            #######.     1%          3    None
d - Tukima's Dance        Hex            #######.     1%          3    None
e - Dazzling Spray        Conj/Hex       ######..     1%          3    None
f - Mephitic Cloud        Conj/Pois/Air  ######..     1%          3    None
g - Freezing Cloud        Conj/Ice/Air   ######....   26%         6    #####..
h - Poisonous Cloud       Conj/Pois/Air  ######....   22%         6    #####..
i - Passwall              Trmt/Erth      #####.....   11%         3    None
j - Passage of Golubria   Tloc           N/A          19%         4    None
k - Lee's Rapid Deconstr  Erth           #####.....   61%         5    ##.....
l - Darkness              Hex            #######...   5%          6    #####..


Dungeon Overview and Level Annotations

Branches:
Dungeon (1/1)

Altars:
Cheibriados
Dithmenos
Elyvilon
Fedhas
Gozag
Kikubaaqudgha
Makhleb
Nemelex Xobeh
Okawaru
Qazlal
Ru
Sif Muna
Trog
Vehumet
Xom
Yredelemnul
Zin
The Shining One
Jiyva
Lugonu

Shops:
D [?:*[%=

Annotations:
D Lernaean hydra


Innate Abilities, Weirdness & Mutations

You are tiny and cannot use many weapons and most armour.
You have supernaturally acute eyesight.
You are a herbivore.
You cover ground extremely quickly.
You need consume almost no food.
You have a pair of small horns on your head.
Your mind is acute. (Int +2)
You can spit weak poison.
Your spells are a little harder to cast, but a little more powerful.


Message History

Items here: %% ) [[ a dagger; a scale mail; a ring mail; 4 chunks of flesh; a chunk of flesh A balrug opens the door.
There is an open door to the Elven Halls here.
Dithmenos accepts your kill.
Your Short Blades skill increases to level 12!
Your Dodging skill increases to level 20!
You feel a bit more experienced.
You close the door.
Something unseen opens the door.
You start resting.
Unknown command.
The balrug gestures at you.
The fireball explodes!
The fireball engulfs you!
* * * LOW HITPOINT WARNING * * *
You emit a cloud of dark smoke.
Unknown command.
The balrug gestures at you.
The fireball explodes!
The fireball engulfs you!
You die... ▓▓▓ ▓▓▓ ###########.####.########## ### __#__[#__###.##....2'.#...# ...' ..#.%.#._#..).§§§§.##.#...##≈≈≈≈# #+#+###+##([))§§§§.##)#...≈≈≈ee§. .........#))!)§§§§###)#.).##≈§§§# ⌠........#(#∩..#@## #.2.).# e§ee

..######'#.#..##..# ####### ###
⌠.#__#...#'######################
..#__#...#....#.#)#.....#......+.
###__#...##.#.)#.##)###.#......#.
):#__#...'##.#.#.##)#).##....).#.
__#_.+...#)..#..#..##.)+.......#.
▓▓▓▓▓▓▓▓▓▓▓▓▓▓▓▓▓▓▓▓▓▓▓#.......#.
..♣♣♣♣≈≈≈........≈≈≈...#.......#.


You could see a balrug.

Vanquished Creatures
  Rupert (D)
  Polyphemus (D)
  Gastronok (D)
  Harold (D)
  Ilsuiw (D)
  Maud (D)
  A deep elf demonologist (D)
  A deep elf annihilator (D)
  2 dire elephants (D)
  A merfolk javelineer (D)
  2 hydras (D)
  Erolcha (D)
  4 death yaks (D)
  An orc high priest (D)
  A death drake (D)
  A sea snake (D)
  A spriggan druid (D)
  3 swamp dragons (D)
  2 deep elf summoners (D)
  A deep elf conjurer (D)
  2 orc knights (D)
  Joseph (D)
  A lindwurm (D)
  An orc sorcerer (D)
  2 elephants (D)
  2 black mambas (D)
  2 spiny frogs (D)
  A komodo dragon (D)
  3 wandering mushrooms (D)
  A fire drake (D)
  A queen bee (D)
  3 deep elf priests (D)
  A shadow (D)
  4 redbacks (D)
  8 blink frogs (D)
  2 trapdoor spiders (D)
  2 spriggans (D)
  2 hill giants (D)
  A spatial vortex (D)
  3 swamp drakes (D)
  A necrophage (D)
  3 orc warriors (D)
  2 brain worms (D)
  3 two-headed ogres (D)
  A water elemental (D)
  A scorpion (D)
  32 killer bees (D)
  An electric eel (D)
  An orc priest (D)
  2 orc wizards (D)
  Jessica (D)
  A jelly (D)
  A necromancer (D)
  3 sheep (D)
  A wizard (D)
  A kobold demonologist (D)
  3 humans (D)
  An ooze (D)
  7 orcs (D)
  A kobold (D)
  2 rats (D)
  6 plants (D)
146 creatures vanquished.

Vanquished Creatures (others)
  2 draconian scorchers (D)
  A dancing weapon (D)
  A deep elf conjurer (D)
  2 yaktaurs (D)
  A plant (D)
7 creatures vanquished.

Grand Total: 153 creatures vanquished

Notes
Turn   | Place    | Note
--------------------------------------------------------------
     0 | D        | Kidiri the Spriggan Enchanter began the quest for the Orb.
     0 | D        | Reached XP level 1. HP: 9/9 MP: 5/5
    13 | D        | Reached skill level 5 in Stealth
    82 | D        | Killed a yaktaur
   151 | D        | Killed a white draconian scorcher
   154 | D        | Noticed Jessica
   176 | D        | Killed Jessica
   176 | D        | Reached skill level 5 in Dodging
   176 | D        | Reached skill level 6 in Stealth
   176 | D        | Reached XP level 2. HP: 11/13 MP: 4/8
   176 | D        | Reached XP level 3. HP: 13/16 MP: 5/10
   180 | D        | Learned a level 2 spell: Ensorcelled Hibernation
   184 | D        | Learned a level 3 spell: Confuse
   188 | D        | Learned a level 3 spell: Tukima's Dance
   204 | D        | Killed a white draconian scorcher
   257 | D        | Reached skill level 5 in Spellcasting
   359 | D        | Learned a level 3 spell: Dazzling Spray
   367 | D        | Noticed a scorpion
   374 | D        | Killed a scorpion
   374 | D        | Reached skill level 7 in Stealth
   374 | D        | Reached skill level 5 in Hexes
   374 | D        | Reached skill level 1 in Ice Magic
   374 | D        | Reached XP level 4. HP: 21/21 MP: 10/12
   397 | D        | Gained mutation: Your spells are a little harder to cast, but a little more powerful. [potion of mutation]
   397 | D        | Gained mutation: You have a pair of small horns on your head. [potion of mutation]
   398 | D        | Gained mutation: Your mind is acute. (Int +2) [potion of mutation]
   398 | D        | Gained mutation: You can spit weak poison. [potion of mutation]
   421 | D        | Noticed a water elemental
   423 | D        | Killed a water elemental
   423 | D        | Reached skill level 8 in Stealth
   423 | D        | Reached skill level 1 in Conjurations
   423 | D        | Reached XP level 5. HP: 24/24 MP: 13/15
   440 | D        | Noticed a jelly
   441 | D        | Noticed a shadow
   445 | D        | Killed a shadow
   445 | D        | Reached skill level 9 in Dodging
   445 | D        | Reached skill level 10 in Stealth
   445 | D        | Reached XP level 6. HP: 26/28 MP: 9/17
   449 | D        | Killed a jelly
   503 | D        | Found a stormy altar of Qazlal.
   504 | D        | Found a sacrificial altar of Ru.
   504 | D        | Found a burning altar of Makhleb.
   504 | D        | Found a viscous altar of Jiyva.
   504 | D        | Found a shimmering altar of Xom.
   504 | D        | Found a shadowy altar of Dithmenos.
   504 | D        | Found a sparkling altar of Nemelex Xobeh.
   504 | D        | Found a corrupted altar of Lugonu.
   504 | D        | Found an opulent altar of Gozag.
   504 | D        | Noticed a spatial vortex
   508 | D        | Became a worshipper of Dithmenos the Shadowed
   514 | D        | Killed a spatial vortex
   514 | D        | Reached skill level 5 in Short Blades
   514 | D        | Reached skill level 10 in Dodging
   514 | D        | Reached skill level 11 in Stealth
   514 | D        | Reached skill level 1 in Invocations
   630 | D        | Found a radiant altar of Vehumet.
   631 | D        | Found a deep blue altar of Sif Muna.
   631 | D        | Found an ancient bone altar of Kikubaaqudgha.
   631 | D        | Noticed a wizard
   634 | D        | Killed a wizard
   635 | D        | Reached XP level 7. HP: 32/32 MP: 16/20
   653 | D        | Learned a level 3 spell: Mephitic Cloud
   660 | D        | Learned a level 6 spell: Freezing Cloud
   765 | D        | Found a glowing silver altar of Zin.
   766 | D        | Found a glowing golden altar of the Shining One.
   766 | D        | Found a white marble altar of Elyvilon.
   766 | D        | Noticed a deep elf priest
   768 | D        | Killed a deep elf priest
   768 | D        | Reached skill level 1 in Air Magic
   768 | D        | Reached skill level 1 in Poison Magic
   787 | D        | Found an iron altar of Okawaru.
   788 | D        | Found a bloodstained altar of Trog.
   788 | D        | Noticed a human
   788 | D        | Noticed a human
   790 | D        | Killed a human
   790 | D        | Reached skill level 12 in Stealth
   792 | D        | Killed a human
   792 | D        | Reached XP level 8. HP: 36/36 MP: 16/22
   827 | D        | Found a snail-covered altar of Cheibriados.
   827 | D        | Noticed a necrophage
   828 | D        | Found a basalt altar of Yredelemnul.
   828 | D        | Found a blossoming altar of Fedhas.
   828 | D        | Noticed a necromancer
   829 | D        | Killed a necrophage
   829 | D        | Acquired Dithmenos's first power
   830 | D        | Killed a necromancer
   849 | D        | Noticed a two-headed ogre
   849 | D        | Noticed a two-headed ogre
   854 | D        | Killed a two-headed ogre
   856 | D        | Killed a two-headed ogre
   856 | D        | Reached skill level 10 in Spellcasting
   867 | D        | Learned a level 6 spell: Poisonous Cloud
   931 | D        | Noticed a two-headed ogre
   932 | D        | Killed a two-headed ogre
   932 | D        | Acquired Dithmenos's second power
   937 | D        | Noticed a hill giant
   940 | D        | Killed a hill giant
   940 | D        | Reached skill level 13 in Stealth
   945 | D        | Noticed a hill giant
   945 | D        | Noticed Erolcha
   947 | D        | Killed Erolcha
   947 | D        | Reached XP level 9. HP: 39/39 MP: 22/24
   948 | D        | Killed a hill giant
   948 | D        | Reached skill level 14 in Stealth
   975 | D        | Noticed a redback
   977 | D        | Killed a redback
   977 | D        | Reached skill level 5 in Ice Magic
   997 | D        | Noticed a trapdoor spider
   999 | D        | Killed a trapdoor spider
   999 | D        | Acquired Dithmenos's third power
  1036 | D        | Noticed a trapdoor spider
  1220 | D        | Killed a trapdoor spider
  1270 | D        | Noticed a killer bee
  1270 | D        | Noticed a killer bee
  1270 | D        | Noticed a killer bee
  1270 | D        | Noticed a killer bee
  1270 | D        | Noticed a queen bee
  1270 | D        | Noticed a killer bee
  1270 | D        | Noticed a killer bee
  1270 | D        | Noticed a killer bee
  1270 | D        | Noticed a killer bee
  1270 | D        | Noticed a killer bee
  1270 | D        | Noticed a killer bee
  1270 | D        | Noticed a killer bee
  1270 | D        | Noticed a killer bee
  1270 | D        | Noticed a killer bee
  1270 | D        | Noticed a killer bee
  1271 | D        | Noticed a killer bee
  1271 | D        | Noticed a killer bee
  1271 | D        | Noticed a killer bee
  1271 | D        | Noticed a killer bee
  1271 | D        | Noticed a killer bee
  1271 | D        | Noticed a killer bee
  1271 | D        | Noticed a killer bee
  1271 | D        | Noticed a killer bee
  1271 | D        | Noticed a killer bee
  1271 | D        | Noticed a killer bee
  1271 | D        | Noticed a killer bee
  1271 | D        | Noticed a killer bee
  1271 | D        | Noticed a killer bee
  1271 | D        | Noticed a killer bee
  1271 | D        | Noticed a killer bee
  1271 | D        | Noticed a killer bee
  1271 | D        | Noticed a killer bee
  1271 | D        | Noticed a killer bee
  1272 | D        | Killed a killer bee
  1276 | D        | Killed a killer bee
  1278 | D        | Killed a killer bee
  1283 | D        | Killed a killer bee
  1283 | D        | Acquired Dithmenos's fourth power
  1286 | D        | Killed a killer bee
  1288 | D        | Killed a killer bee
  1290 | D        | Killed a killer bee
  1292 | D        | Killed a killer bee
  1294 | D        | Killed a killer bee
  1296 | D        | Killed a killer bee
  1298 | D        | Killed a killer bee
  1560 | D        | Killed a killer bee
  1562 | D        | Killed a killer bee
  1564 | D        | Killed a killer bee
  1568 | D        | Killed a queen bee
  1568 | D        | Reached skill level 15 in Stealth
  1569 | D        | Killed a killer bee
  1588 | D        | Killed a killer bee
  1597 | D        | Killed a killer bee
  1600 | D        | Killed a killer bee
  1600 | D        | Reached skill level 5 in Poison Magic
  1737 | D        | Killed a killer bee
  1747 | D        | Killed a killer bee
  1754 | D        | Killed a killer bee
  1757 | D        | Killed a killer bee
  1759 | D        | Killed a killer bee
  1762 | D        | Killed a killer bee
  1762 | D        | Reached XP level 10. HP: 42/44 MP: 9/26
  1764 | D        | Killed a killer bee
  1861 | D        | Killed a killer bee
  1864 | D        | Killed a killer bee
  1864 | D        | Reached skill level 5 in Conjurations
  1865 | D        | Killed a killer bee
  1868 | D        | Killed a killer bee
  1897 | D        | Killed a killer bee
  1898 | D        | Killed a killer bee
  1905 | D        | Killed a killer bee
  2134 | D        | Noticed a wandering mushroom
  2136 | D        | Killed a wandering mushroom
  2139 | D        | Noticed a wandering mushroom
  2140 | D        | Noticed a wandering mushroom
  2141 | D        | Killed a wandering mushroom
  2144 | D        | Killed a wandering mushroom
  2144 | D        | Reached skill level 5 in Air Magic
  2179 | D        | Noticed a spiny frog
  2179 | D        | Noticed a komodo dragon
  2179 | D        | Noticed a spiny frog
  2182 | D        | Killed a spiny frog
  2182 | D        | Reached skill level 10 in Hexes
  2184 | D        | Killed a spiny frog
  2184 | D        | Reached skill level 16 in Stealth
  2186 | D        | Killed a komodo dragon
  2202 | D        | Killed a yaktaur
  2212 | D        | Noticed a redback
  2214 | D        | Killed a redback
  2215 | D        | Noticed a brain worm
  2218 | D        | Killed a brain worm
  2221 | D        | Noticed a brain worm
  2223 | D        | Killed a brain worm
  2226 | D        | Noticed a lindwurm
  2228 | D        | Noticed a redback
  2229 | D        | Killed a lindwurm
  2229 | D        | Reached skill level 15 in Dodging
  2231 | D        | Killed a redback
  2235 | D        | Noticed a redback
  2236 | D        | Killed a redback
  2237 | D        | Noticed Maud
  2239 | D        | Killed Maud
  2239 | D        | Reached skill level 17 in Stealth
  2239 | D        | Reached XP level 11. HP: 47/47 MP: 29/29
  2248 | D        | Noticed an electric eel
  2249 | D        | Noticed a six-headed hydra
  2249 | D        | Noticed a four-headed hydra
  2251 | D        | Killed an electric eel
  2254 | D        | Killed a six-headed hydra
  2255 | D        | Killed a four-headed hydra
  2447 | D        | Noticed a death drake
  2450 | D        | Killed a death drake
  2460 | D        | Found a blossoming altar of Fedhas.
  2460 | D        | Noticed a spriggan
  2460 | D        | Noticed a spriggan druid
  2460 | D        | Noticed a spriggan
  2462 | D        | Killed a spriggan
  2463 | D        | Killed a spriggan druid
  2470 | D        | Killed a spriggan
  2517 | D        | Noticed Polyphemus
  2518 | D        | Noticed Ilsuiw
  2548 | D        | Killed Ilsuiw
  2548 | D        | Reached skill level 18 in Stealth
  2559 | D        | Killed Polyphemus
  2701 | D        | Found Upsuitat's Antique Armour Emporium.
  2701 | D        | Noticed a sea snake
  2703 | D        | Killed a sea snake
  2706 | D        | Found Deyniq's Food Shop.
  2707 | D        | Found Wappicif's Jewellery Shoppe.
  2708 | D        | Noticed a merfolk javelineer
  2710 | D        | Killed a merfolk javelineer
  2710 | D        | Reached skill level 10 in Short Blades
  2729 | D        | Got a barnacled rune of Zot
  2810 | D        | Noticed a swamp drake
  2810 | D        | Noticed a fire drake
  2811 | D        | Killed a fire drake
  2813 | D        | Killed a swamp drake
  2813 | D        | Reached skill level 15 in Spellcasting
  2822 | D        | Noticed a blink frog
  2822 | D        | Noticed a blink frog
  2823 | D        | Noticed a blink frog
  2823 | D        | Noticed a blink frog
  2823 | D        | Noticed a blink frog
  2824 | D        | Killed a blink frog
  2827 | D        | Killed a blink frog
  2827 | D        | Reached skill level 19 in Stealth
  2827 | D        | Reached XP level 12. HP: 51/51 MP: 27/32
  2830 | D        | Killed a blink frog
  2833 | D        | Killed a blink frog
  2835 | D        | Killed a blink frog
  2884 | D        | Noticed Rupert
  2886 | D        | Killed Rupert
  2908 | D        | Noticed a death yak
  2909 | D        | Noticed a death yak
  2909 | D        | Noticed a blink frog
  2910 | D        | Noticed an azure jelly
  2910 | D        | Noticed a death yak
  2910 | D        | Noticed an azure jelly
  2910 | D        | Noticed a blink frog
  2910 | D        | Noticed a death yak
  2911 | D        | Killed a death yak
  2912 | D        | Killed a death yak
  2913 | D        | Killed a blink frog
  2914 | D        | Noticed a blink frog
  2914 | D        | Noticed a black mamba
  2915 | D        | Killed a death yak
  2916 | D        | Noticed a black mamba
  2917 | D        | Killed a death yak
  2917 | D        | Reached skill level 20 in Stealth
  2918 | D        | Killed a blink frog
  2919 | D        | Killed a blink frog
  2921 | D        | Killed a black mamba
  2922 | D        | Killed a black mamba
  2962 | D        | Noticed a swamp drake
  2963 | D        | Noticed a swamp dragon
  2964 | D        | Killed a swamp drake
  2966 | D        | Noticed a swamp dragon
  2966 | D        | Found Fecuph's Antique Armour Shoppe.
  2966 | D        | Found Iracw's Magic Scroll Boutique.
  2966 | D        | Found Ypuseun's Book Emporium.
  2967 | D        | Killed a swamp dragon
  2968 | D        | Noticed a swamp drake
  2970 | D        | Killed a swamp drake
  2973 | D        | Killed a swamp dragon
  2984 | D        | Noticed a swamp dragon
  2987 | D        | Killed a swamp dragon
  3008 | D        | Noticed a five-headed hydra
  3008 | D        | Noticed the 27-headed Lernaean hydra
  3049 | D        | Noticed an azure jelly
  3049 | D        | Noticed an azure jelly
  3075 | D        | Noticed an elephant
  3075 | D        | Noticed an elephant
  3075 | D        | Noticed a dire elephant
  3075 | D        | Noticed a dire elephant
  3075 | D        | Noticed Gastronok
  3089 | D        | Killed an elephant
  3099 | D        | Killed Gastronok
  3107 | D        | Killed a dire elephant
  3270 | D        | Killed a dire elephant
  3273 | D        | Killed an elephant
  3667 | D        | Noticed Harold
  3667 | D        | Noticed Joseph
  3684 | D        | Killed Harold
  3684 | D        | Reached skill level 21 in Stealth
  3684 | D        | Reached XP level 13. HP: 40/55 MP: 11/34
  3788 | D        | Killed Joseph
  3837 | D        | Noticed an orc knight
  3838 | D        | Noticed an orc knight
  3838 | D        | Noticed an orc priest
  3838 | D        | Noticed an orc sorcerer
  3838 | D        | Noticed an orc warrior
  3838 | D        | Noticed an orc wizard
  3838 | D        | Noticed an orc high priest
  3838 | D        | Noticed an orc warrior
  3838 | D        | Noticed an orc warrior
  3838 | D        | Noticed an orc wizard
  3838 | D        | Found Guyplogg's Assorted Antiques.
  3841 | D        | Killed an orc wizard
  3841 | D        | Killed an orc warrior
  3844 | D        | Killed an orc warrior
  3846 | D        | Killed an orc high priest
  3847 | D        | Killed an orc warrior
  3847 | D        | Killed an orc sorcerer
  3849 | D        | Killed an orc knight
  3853 | D        | Killed an orc knight
  4022 | D        | Killed an orc wizard
  4034 | D        | Killed an orc priest
  4113 | D        | Bought a scroll of identify for 48 gold pieces
  4113 | D        | Bought a scroll of identify for 48 gold pieces
  4113 | D        | Bought a scroll of identify for 48 gold pieces
  4226 | D        | Bought a book of Burglary for 750 gold pieces
  4230 | D        | Learned a level 3 spell: Passwall
  4235 | D        | Learned a level 4 spell: Passage of Golubria
  4241 | D        | Learned a level 5 spell: Lee's Rapid Deconstruction
  4248 | D        | Learned a level 6 spell: Darkness
  4387 | D        | Noticed a deep elf priest
  4387 | D        | Noticed a deep elf summoner
  4387 | D        | Noticed a deep elf conjurer
  4387 | D        | Noticed a deep elf summoner
  4387 | D        | Noticed a deep elf priest
  4394 | D        | Killed a deep elf priest
  4394 | D        | Reached skill level 1 in Translocations
  4394 | D        | Killed a deep elf priest
  4395 | D        | Killed a deep elf summoner
  4395 | D        | Reached skill level 1 in Transmutations
  4396 | D        | Killed a deep elf conjurer
  4396 | D        | Reached skill level 1 in Earth Magic
  4396 | D        | Reached skill level 10 in Poison Magic
  4397 | D        | Killed a deep elf summoner
  4502 | D        | Noticed a deep elf conjurer
  4506 | D        | Noticed a deep elf demonologist
  4506 | D        | Noticed a deep elf annihilator
  4506 | D        | Noticed a deep elf high priest
  4511 | D        | Killed a deep elf conjurer
  4608 | D        | Noticed a deep elf demonologist
  4608 | D        | Noticed a deep elf high priest
  4608 | D        | Noticed a deep elf blademaster
  4610 | D        | Noticed a balrug
  4618 | D        | Killed a deep elf annihilator
  4622 | D        | Killed a deep elf demonologist
  4631 | D        | Killed from afar by a balrug

Vault maps used:
D:        dungeon_sprint_mu

Action                   |  1- 3 |  4- 6 |  7- 9 | 10-12 | 13-15 || total
-------------------------+-------+-------+-------+-------+-------++-------
Melee: Dagger            |    27 |       |    48 |    70 |    11 ||   156
       Short sword       |     3 |     6 |     3 |       |       ||    12
 Cast: Corona            |     2 |       |       |       |       ||     2
       Ensorcelled Hiber |     3 |       |    41 |    15 |     5 ||    64
       Dazzling Spray    |       |     9 |     5 |    47 |    13 ||    74
       Confuse           |       |       |     3 |     3 |     1 ||     7
       Mephitic Cloud    |       |       |       |     3 |       ||     3
       Tukima's Dance    |       |       |       |     2 |       ||     2
       Freezing Cloud    |       |       |       |     3 |     4 ||     7
Invok: Shadow Step       |       |       |       |    14 |     2 ||    16
  Use: Scroll            |       |     3 |       |       |     5 ||     8
       Potion            |       |     2 |       |     2 |     1 ||     5
 Stab: Sleeping          |     4 |     3 |    35 |    44 |     5 ||    91
       Invisible         |       |     1 |       |     7 |       ||     8
       Confused          |       |       |     2 |     3 |     1 ||     6
  Eat: Bread ration      |       |       |       |     1 |       ||     1
